Map: Sanctuary III LE

Players

RipNHammer - Winner!

  • Race: Terran Terran
  • League: Master
  • Spawn Location: 1:00

mirsiniri

  • Race: Zerg Zerg
  • League: Master
  • Spawn Location: 7:00

VOD

Have the link to the VOD?

Description

Time

  • Played on: Sept. 6, 2026, 10:46 a.m.
  • Length: 12:08
Show
View Real Time Build Order
Export as new Build Order

RipNHammer Terran - Winner!

Build Orders: Reaper Expand, Hellion Banshee 

Get SALT Encoding   

  8  0:00  SCV  
  9  0:12  SCV  
  10  0:24  SCV  
  11  0:36  SCV  
  11  0:39  Supply Depot  
  12  0:49  SCV  
  13  0:52  Refinery  
  13  1:01  SCV  
  14  1:06  Barracks  
  14  1:13  SCV  
  15  1:25  SCV  
  16  1:37  SCV  
  17  1:54  Reaper, Orbital Command  
  18  2:05  Supply Depot  
  18  2:21  Command Center  
  18  2:22  SCV  
  19  2:33  Factory  
  19  2:45  Barracks Reactor, Refinery  
  19  2:46  SCV  
  21  2:58  SCV  
  21  3:10  SCV  
  22  3:19  Starport  
  21  3:22  SCV  
  22  3:29  Barracks Tech Lab  
  22  3:33  Orbital Command  
  22  3:34  SCV  
  22  3:37  Hellion  
  22  3:39  Hellion  
  27  3:47  SCV  
  28  3:55  Orbital Command  
  28  4:03  SCV  
  28  4:04  Supply Depot  
  28  4:05  Banshee  
  28  4:07  Hellion  
  34  4:15  SCV  
  37  4:17  Hellion  
  37  4:20  SCV  
  38  4:27  SCV  
  38  4:31  Supply Depot  
  39  4:33  SCV  
  40  4:39  SCV  
  40  4:42  Hellion x2  
  40  4:45  SCV  
  46  4:51  SCV  
  46  4:52  Banshee  
  50  4:53  Supply Depot  
  50  4:59  SCV  
  51  5:04  SCV  
  52  5:12  Hellion x2  
  53  5:34  Hellion x2  
  57  5:41  Liberator  
  55  5:50  SCV  
  55  5:54  Orbital Command  
  55  5:55  Widow Mine x2  
  44  6:02  SCV  
  44  6:14  SCV  
  44  6:33  Supply Depot x2  
  44  6:34  Supply Depot  
  44  6:40  Starport Tech Lab  
  44  6:54  SCV x2  
  44  6:59  Supply Depot  
  46  7:06  SCV x2  
  51  7:10  Marine  
  51  7:11  Hellion x2  
  56  7:19  SCV  
  57  7:26  SCV  
  58  7:31  SCV  
  59  7:38  SCV  
  49  7:55  Cyclone  
  40  8:04  Marine, Engineering Bay  
  41  8:10  Mag-Field Accelerator  
  41  8:12  SCV x2  
  43  8:18  Viking  
  43  8:19  Viking  
  46  8:30  SCV  
  46  8:32  SCV, Factory  
  48  8:34  Missile Turret  
  48  8:40  Cyclone  
  51  8:42  SCV  
  52  8:50  Viking x2  
  52  8:52  SCV  
  54  9:13  Cyclone, Marine  
  58  9:17  SCV x2  
  60  9:31  Viking x2  
  64  9:35  SCV  
  65  9:44  Factory Tech Lab  
  65  9:45  Cyclone, Orbital Command  
  68  9:47  SCV  
  69  9:59  SCV  
  70  10:07  Missile Turret  
  70  10:10  Cyclone  
  70  10:11  SCV  
  74  10:18  Supply Depot  
  74  10:23  Missile Turret  
  74  10:28  SCV  
  75  10:31  Refinery  
  75  10:32  Refinery  
  75  10:37  Factory  
  75  10:38  SCV  
  75  10:39  Cyclone  
  79  10:44  Supply Depot, SCV  
  80  10:50  SCV  
  80  10:54  Cyclone  
  80  10:56  SCV  
  85  11:02  Command Center  
  85  11:03  SCV  
  86  11:07  Supply Depot  
  86  11:08  SCV  
  87  11:15  SCV  
  88  11:18  Factory  
  88  11:21  SCV  
  88  11:25  Missile Turret  
  89  11:27  SCV  
  89  11:31  Hellion  
  89  11:32  Hellion, Cyclone  
  97  11:41  SCV x2  
  99  11:53  SCV  
Show
View Real Time Build Order
Export as new Build Order

mirsiniri Zerg 

Build Orders: Pool First 

Get SALT Encoding   

  8  0:00  Drone  
  9  0:11  Drone  
  10  0:16  Drone  
  11  0:22  Drone  
  12  0:29  Extractor  
  12  0:30  Drone  
  13  0:39  Overlord  
  13  0:58  Drone x2  
  13  1:01  Drone  
  16  1:09  Spawning Pool  
  15  1:12  Drone  
  16  1:21  Drone  
  17  1:39  Hatchery  
  16  1:42  Drone  
  16  1:45  Drone  
  18  1:56  Queen  
  18  1:59  Extractor  
  19  2:04  Overlord  
  19  2:09  Drone  
  20  2:23  Drone x2  
  22  2:30  Drone  
  22  2:32  Queen  
  25  2:41  Drone  
  26  2:50  Queen  
  28  2:51  Drone  
  28  2:52  Drone  
  28  2:58  Extractor  
  29  3:00  Drone  
  29  3:02  Drone  
  31  3:12  Lair  
  31  3:25  Extractor  
  31  3:26  Queen  
  32  3:29  Overlord  
  32  3:32  Metabolic Boost  
  33  3:47  Drone x6  
  39  4:00  Extractor  
  39  4:02  Queen  
  41  4:12  Nydus Network  
  41  4:15  Evolution Chamber  
  39  4:20  Spine Crawler, Overlord  
  38  4:26  Overlord  
  38  4:36  Zergling x2  
  38  4:37  Zergling x2  
  40  4:40  Zergling x4  
  40  4:45  Zergling x2  
  43  4:48  Nydus Canal, Overseer  
  43  4:51  Zergling x2  
  45  4:52  Zergling x2  
  45  4:53  Zergling x4  
  45  4:55  Zergling x2  
  48  5:03  Nydus Canal  
  48  5:04  Zergling x4  
  50  5:11  Zergling x2  
  51  5:18  Zergling x2  
  51  5:28  Nydus Canal  
  51  5:29  Zergling x6  
  51  5:32  Drone, Spire  
  51  5:33  Extractor  
  51  5:34  Extractor  
  50  5:49  Zergling x2  
  47  5:52  Zergling x2  
  47  5:54  Zergling x2  
  39  5:58  Drone  
  39  5:59  Drone x2  
  42  6:08  Nydus Canal  
  42  6:10  Drone x3  
  45  6:24  Drone  
  45  6:25  Drone  
  46  6:29  Nydus Canal  
  46  6:30  Drone  
  46  6:31  Drone  
  48  6:42  Zerg Flyer Weapons Level 1, Overlord, Drone  
  49  6:53  Overseer  
  49  6:55  Spore Crawler, Hatchery  
  49  6:59  Spore Crawler  
  46  7:01  Overseer  
  46  7:03  Mutalisk x2  
  50  7:11  Mutalisk  
  50  7:13  Mutalisk  
  54  7:17  Mutalisk  
  56  7:26  Mutalisk  
  34  7:51  Drone  
  34  7:53  Drone  
  34  7:54  Drone x4  
  33  8:09  Drone x2  
  35  8:16  Drone x2  
  37  8:31  Drone  
  37  8:33  Drone x3  
  41  8:40  Drone  
  42  8:45  Drone x2  
  44  8:48  Drone  
  44  8:54  Drone  
  46  8:56  Drone  
  47  9:03  Drone x2  
  47  9:07  Drone  
  50  9:17  Drone x3  
  50  9:18  Drone x2  
  50  9:22  Drone  
  50  9:23  Drone  
  57  9:34  Nydus Canal  
  57  9:38  Drone x3  
  58  9:39  Drone x2  
  58  9:41  Overseer  
  62  10:00  Spore Crawler, Drone  
  62  10:01  Drone x6  
  62  10:04  Overlord  
  68  10:20  Extractor  
  67  10:22  Drone x2  
  67  10:23  Drone x5  
  67  10:24  Drone  
  75  10:28  Extractor  
  75  10:29  Drone  
  75  10:30  Drone  
  75  10:31  Overlord x2  
  76  10:44  Overlord  
  76  10:49  Mutalisk  
  76  10:50  Mutalisk x3  
  76  10:51  Mutalisk  
  76  10:53  Mutalisk  
  76  10:56  Mutalisk  
  90  11:00  Mutalisk  
  90  11:03  Overlord  
  92  11:04  Mutalisk  
  92  11:06  Mutalisk  
  92  11:08  Mutalisk  
  92  11:10  Overseer  
  92  11:11  Mutalisk  
  100  11:26  Nydus Canal, Mutalisk x3, Queen  
  108  11:34  Overlord  
  108  11:38  Hatchery  
Tags
 
Add a new tag
Caveats
  • Supply blocks, unpowered buildings, or Contaminate may cause inaccurate times.
  • Supply counts are checked every 10 seconds.